 Dungeon Crawl Stone Soup version 0.31.0-32-g396128a36d (webtiles) character file.

Game seed: 6073244172526289849

112 Peloso the Covered (level 4, -5/40 HPs)
             Began as a Minotaur Fighter on Mar 23, 2024.
             Slain by a gnoll
             ... wielding a +0 halberd
              (10 damage)
             ... on level 2 of the Dungeon.
             The game lasted 00:03:07 (1536 turns).

Peloso the Covered (Minotaur Fighter)               Turns: 1536, Time: 00:03:08

Health: -5/40      AC:  7    Str: 20    XL:     4   Next: 64%
Magic:  3/3        EV:  8    Int:  5    God:
Gold:   87         SH:  9    Dex: 12    Spells: 3/3 levels left

rFire   . . .        a - +0 long sword
rCold   . . .        d - +0 kite shield
rNeg    . . .        c - +0 scale mail
rPois   .            (helmet restricted)
rElec   .            (no cloak)
rCorr   +            (no gloves)
SInv    .            (no boots)
Will    .....        (no amulet) Stlth
                     g - ring of resist corrosion
HPRegen 0.26/turn    (no ring)
MPRegen 0.08/turn

%: no passive effects
@: no status effects
A: horns 2, retaliatory headbutt
a: no special abilities


You were on level 2 of the Dungeon.
You visited 1 branch of the dungeon, and saw 2 of its levels.

You collected 87 gold pieces.

Inventory:

Hand Weapons
 a - a +0 long sword (weapon)
 b - a +0 trident of flaming
Missiles
 i - a throwing net (quivered)
Armour
 c - a +0 scale mail (worn)
 d - a +0 kite shield (worn)
Jewellery
 g - a ring of resist corrosion (left hand)
 h - a ring of wizardry
Scrolls
 k - 2 scrolls of revelation
 l - a scroll of teleportation {unknown}
Potions
 e - 2 potions of curing {unknown}
 f - a potion of might


   Skills:
 + Level 4.2 Fighting
 + Level 4.0 Long Blades
 + Level 4.4 Armour
 + Level 0.5 Dodging
 + Level 4.3 Shields


You had 3 spell levels left.
You didn't know any spells.
Your spell library contained the following spells:

 Spells                   Type           Power      Damage    Failure   Level
 Apportation              Tloc           0%         N/A       98%         1
 Necrotise                Necr           0%         1d4       98%         1
 Sting                    Conj/Alch      0%         1d3       98%         1
 Summon Small Mammal      Summ           0%         N/A       98%         1


Dungeon Overview and Level Annotations

Branches:
Dungeon (2/15)

Altars:
Zin

Shops:
D:1 =


Innate Abilities, Weirdness & Mutations

You have a pair of horns on your head.
You reflexively headbutt those who attack you in melee.


Message History

The gnoll is almost dead.
You block the gnoll's attack.
You closely miss the gnoll.
The gnoll is almost dead.
You block the gnoll's attack. x2
You hit the gnoll.
You kill the gnoll!
The gnoll seems to regain its courage.
You hit the gnoll but do no damage. The gnoll hits you but does no damage.
You hit the gnoll but do no damage. The gnoll hits you with a +0 flail.
The gnoll hits you with a +0 flail!
You closely miss the gnoll. You headbutt the gnoll.
The gnoll is heavily wounded.
The gnoll hits you but does no damage. You block the gnoll's attack. x2
You slash the gnoll!
You kill the gnoll!
The gnoll barely misses you.
Your Long Blades skill increases to level 4!
The gnoll hits you with a +0 halberd.
Items here: )) ††.
You closely miss the gnoll. You block the gnoll's attack.
You barely miss the gnoll. The gnoll hits you with a +0 halberd!
* * * LOW HITPOINT WARNING * * *
The gnoll barely misses you.
You hit the gnoll.
The gnoll is lightly wounded.
The gnoll hits you with a +0 halberd!
* * * LOW HITPOINT WARNING * * *
You barely miss the gnoll.
The gnoll is lightly wounded.
You block the gnoll's attack.
You barely miss the gnoll.
The gnoll is lightly wounded.
The gnoll hits you with a +0 halberd.
* * * LOW HITPOINT WARNING * * *
The gnoll barely misses you.
You completely miss the gnoll.
The gnoll is lightly wounded.
The gnoll hits you with a +0 halberd!
You die...

...# #.##.##..####.######....#
..## #.†...........#########.#
).# ####.############### #.# ..#
######.############### #.#
..####.......#####.....#### #.#
.......###.#.#####.....#######.##
...........#.###.......#####.....
.......##.=#.###)#.....#####.#.#.
..####.......###@#.....#####.#.#.
..#**####..#####g###########...#.
...,,***#..##.....g.########..##.
...,,,,,....#.##.##.########..##.
...,,,******#.##.##.########.....
,,,,,,#≈≈≈§≈#....##.#########.###
,,,,,,#≈...≈#.#####g#### #.#
*,,,,,#≈..§≈#.....[....######.#
*,,,,*#§...§#.......##...)....#


You could see a gnoll.

Vanquished Creatures
  Robin (D:1)
  3 gnolls (D:2)
  2 adders (D:2)
  2 dart slugs (D:2)
  2 ribbon worms (D:2)
  A ball python (D:1)
  3 bats
  4 endoplasms (D:1)
  A giant cockroach (D:1)
  10 goblins
  6 hobgoblins
  3 jackals (D:1)
  2 kobolds (D:1)
  A quokka (D:1)
  5 rats
46 creatures vanquished.

Notes
Turn   | Place    | Note
-------+----------+-------------------------------------------
     0 | D:1      | Peloso the Minotaur Fighter began the quest for the Orb.
     0 | D:1      | Reached XP level 1. HP: 19/19 MP: 0/0
   254 | D:1      | Reached XP level 2. HP: 23/27 MP: 1/1
   288 | D:1      | Found a faded altar of an unknown god.
   408 | D:1      | Found Cemme's Jewellery Boutique.
  1026 | D:2      | Reached XP level 3. HP: 33/33 MP: 2/2
  1057 | D:2      | Found a glowing silver altar of Zin.
  1075 | D:2      | Noticed Robin
  1152 | D:1      | Killed Robin
  1381 | D:2      | Reached XP level 4. HP: 40/40 MP: 3/3
  1536 | D:2      | Slain by a gnoll

Illustrated notes

Levels and vault maps discovered:
D:1:      dpeg_arrival_simpleton_c, layout_loops_ring, serial_shops,
          nicolae_shop_gaudy_bauble, ebering_ecumenical_altar_webs
D:2:      layout_loops_cross, basic_altar, kennysheep_minor_cross, uniq_robin

Skill      XL: |  1  2  3  4 |
---------------+-------------+-----
Armour         | 4 |  4.4
Fighting       | 4 |  4.2
Long Blades    | 3 4 |  4.0
Shields        | 4 |  4.3
Dodging        | |  0.5

Action                     |  1- 3 |  4- 6 || total
---------------------------+-------+-------++-------
  Melee: Long sword        |   105 |    25 ||   130
         Headbutt          |    25 |     6 ||    31
    Use: Scroll            |     2 |     2 ||     4
 Armour: Scale mail        |    71 |    15 ||    86
  Dodge: Dodged            |    44 |    11 ||    55
  Block: Kite shield       |    44 |    14 ||    58
         Buckler           |     3 |       ||     3
